 Dungeon Crawl Stone Soup version 0.30-a0-55-g90e3122c3a (webtiles) character file.

Game seed: 15049172289324342496

107 kae the Firebug (level 4, 0/24 HPs)
             Began as a Deep Elf Fire Elementalist on Sept 9, 2022.
             Killed from afar by Sigmund (6 damage)
             ... with a magic dart
             ... on level 3 of the Dungeon.
             The game lasted 00:02:19 (3814 turns).

kae the Firebug (Deep Elf Fire Elementalist)        Turns: 3814, Time: 00:02:20

Health: 0/24       AC:  4    Str:  5    XL:     4   Next: 57%
Magic:  7/11       EV: 12    Int: 22    God:
Gold:   151        SH:  0    Dex: 15    Spells: 4/10 levels left

rFire   . . .      SeeInvis .    i - +3 dagger
rCold   . . .      Faith    .    (no shield)
rNeg    . . .      Spirit   .    a - +0 robe
rPois   .          Reflect  .    (no helmet)
rElec   .          Harm     .    j - +0 cloak
rCorr   .          Rampage  .    k - +0 pair of gloves
Will    .....                    (no boots)
Stlth   ++........               (no amulet)
HPRegen 0.08/turn                (no ring)
MPRegen 0.12/turn                (no ring)

@: no status effects
A: no striking features
a: no special abilities


You were on level 3 of the Dungeon.
You visited 1 branch of the dungeon, and saw 3 of its levels.

You collected 151 gold pieces.


   Skills:
 - Level 2.4 Dodging
 - Level 2.4 Stealth
 + Level 3.9 Spellcasting
 * Level 3.1 Conjurations
 * Level 4.5 Fire Magic


You had 4 spell levels left.
You knew the following spells:

 Your Spells              Type           Power      Damage    Failure   Level
a - Foxfire               Conj/Fire      84%        2x1d8     2%          1
b - Scorch                Fire           48%        2d7       2%          2
c - Conjure Flame         Conj/Fire      21%        6-21      7%          3

Your spell library contained the following spells:

 Spells                   Type           Power      Damage    Failure   Level
 Summon Small Mammal      Summ           16%        N/A       12%         1
 Inner Flame              Hex/Fire       14%        N/A       13%         3
 Dazzling Flash           Conj/Hex       22%        N/A       19%         3
 Flame Wave               Conj/Fire      21%        2d8       22%         4
 Call Canine Familiar     Summ           4%         N/A       34%         3
 Summon Guardian Golem    Hex/Summ       4%         N/A       34%         3
 Iskenderun's Mystic Bla  Conj/Tloc      11%        2d4       52%         4
 Starburst                Conj/Fire      10%        6d5       98%         6

Inventory:

Hand Weapons
 d - a +0 mace
   (You found it on level 1 of the Dungeon)
 i - a +3 dagger (weapon)
   (You took it off a goblin on level 1 of the Dungeon)
Missiles
 e - 37 stones
 g - 4 javelins
Armour
 a - a +0 robe (worn)
 j - a +0 cloak (worn)
   (You found it on level 3 of the Dungeon)
 k - a +0 pair of gloves (worn)
   (You found it on level 2 of the Dungeon)
Jewellery
 S - a +6 ring of strength
   (You found it on level 3 of the Dungeon)
Scrolls
 c - a scroll of amnesia {unknown}
 h - a scroll of fear
 l - a scroll of poison {!r}
 m - a scroll of vulnerability {unknown}
 o - a scroll of magic mapping {unknown}
Potions
 b - a potion of magic
 f - a potion of degeneration {!q}
 n - a potion of heal wounds {unknown}
 p - a potion of attraction {unknown}
 q - 2 potions of resistance {unknown}

Dungeon Overview and Level Annotations

Branches:
Dungeon (3/15) Zot: 14182

Altars:

Shops:
D:1 [

Annotations:
D:3 Sigmund

#..........#######
###...#####........#
...................###
####.................#
#.................)#.############
..##..####.....###.#.............
...<..####.....###@#..###########
#####.##.......##............#
####...#.#.....#@.....######.#
.........#.#..........# #.#
####...###.#...#.....## #.# #
##.#.....#....#....# #.#
#.###.#######....#.# #.#
###..#.....#....##.#.# #.#
...........#.........# #.#
.####.###..#..##.##### #.# .#
#.###.....##.# #.#


You could see Sigmund (combustible).


Message History

Casting: Scorch (safe; 2% risk of failure)
Confirm with . or Enter, or press ? or * to list all spells.
You can't see any susceptible monsters within range! (Use Z to cast anyway.)
Found a stone staircase leading down.
p - a viscous amethyst potion
There is a stone staircase leading down here.
A bat comes into view.
A bat is nearby!
A bat is nearby!
A bat is nearby!
Casting: Scorch (safe; 2% risk of failure)
Confirm with . or Enter, or press ? or * to list all spells.
You conjure some foxfire!
The foxfire hits the bat.
You kill the bat! 😎 MP[-1]
You lost 1 mp, and now have 10/11 mp.
Casting: Foxfire (safe; 2% risk of failure)
Confirm with . or Enter, or press ? or * to list all spells.
You conjure some foxfire! 😎 MP[-1]
You lost 1 mp, and now have 9/11 mp.
Casting: Foxfire (safe; 2% risk of failure)
Confirm with . or Enter, or press ? or * to list all spells.
You can't see any susceptible monsters within range! (Use Z to cast anyway.)
q - 2 murky purple potions 😎 MP[+2]
Your mp is fully restored (11).
Key pressed, stopping explore.
Unknown command.
Casting: Foxfire (safe; 2% risk of failure)
Confirm with . or Enter, or press ? or * to list all spells.
You can't see any susceptible monsters within range! (Use Z to cast anyway.)
You see here a +0 chain mail.
An endoplasm comes into view.
An endoplasm is nearby!
An endoplasm is nearby!
An endoplasm is nearby!
Casting: Foxfire (safe; 2% risk of failure)
Confirm with . or Enter, or press ? or * to list all spells.
Flames lash the endoplasm.
You kill the endoplasm! 😎 MP[-2]
You lost 2 mp, and now have 9/11 mp.
Key pressed, stopping explore.
Casting: Scorch (safe; 2% risk of failure)
Confirm with . or Enter, or press ? or * to list all spells.
You can't see any susceptible monsters within range! (Use Z to cast anyway.) 😎 MP[+2]
Your mp is fully restored (11).
Casting: Scorch (safe; 2% risk of failure)
Confirm with . or Enter, or press ? or * to list all spells.
You can't see any susceptible monsters within range! (Use Z to cast anyway.) Sigmund is nearby!
Sigmund is nearby!
Sigmund shouts!
Sigmund gestures at you while chanting. The magic dart hits you! 😮 HP[-10]
You take 10 damage, and now have 14/24 hp.
MASSIVE DAMAGE!! (PAUSE) Sigmund points at you and mumbles some strange words.
You are confused.
There is a stone staircase leading up here.
Sigmund closely misses you.
You climb upwards.
There is a stone staircase leading down here.
Unknown command.
You can't go up here!
Unknown command.
You start resting.
You feel less confused. 😮 HP[+1]
You start resting. 😕 HP[+5]
You regained 5 hp, and now have 20/24 hp.
You start resting. 😎 HP[+4]
Your hp is fully restored (24).
You climb downwards.
Level annotation: Sigmund
There is a stone staircase leading up here.
Casting: Scorch (safe; 2% risk of failure)
Confirm with . or Enter, or press ? or * to list all spells.
Flames lash Sigmund.
Sigmund's fire resistance burns away.
Sigmund hits you from afar with a +0 scythe. 😮 HP[-6] MP[-2]
You take 6 damage, and now have 18/24 hp.
MASSIVE DAMAGE!! (PAUSE)
You lost 2 mp, and now have 9/11 mp.
Casting: Scorch (safe; 2% risk of failure)
Confirm with . or Enter, or press ? or * to list all spells.
Flames lash Sigmund.
Sigmund is burned terribly!
Sigmund points at you and mumbles some strange words.
The puff of flame hits you!
Ouch! That really hurt!
* * * LOW HITPOINT WARNING * * *
Sigmund casts a spell at you. The magic dart hits you.
You die...

Skill      XL: |  1  2  3  4 |
---------------+-------------+-----
Conjurations   | 2 3 |  3.1
Fire Magic     | 4 |  4.5
Dodging        | |  2.4
Stealth        | |  2.4
Spellcasting   | |  3.9

Action                   |  1- 3 |  4- 6 || total
-------------------------+-------+-------++-------
Melee: Mace              |     2 |       ||     2
       Dagger            |     9 |       ||     9
 Cast: Foxfire           |    88 |    32 ||   120
       Scorch            |     7 |     8 ||    15
  Use: Scroll            |       |     5 ||     5
 Stab: Sleeping          |     1 |       ||     1
Armor: Robe              |     6 |     4 ||    10
Dodge: Dodged            |    21 |     9 ||    30

Levels and vault maps discovered:
D:1:      lemuel_arrival_rhombus, layout_basic, serial_shops,
          nicolae_shop_hallway_plus, shapermc_ecumenical_altar_notcrosses
D:2:      layout_loops_cross
D:3:      layout_loops_ring, uniq_sigmund

Notes
Turn   | Place    | Note
-------+----------+-------------------------------------------
     0 | D:1      | kae the Deep Elf Fire Elementalist began the quest for the
                  | Orb.
     0 | D:1      | Reached XP level 1. HP: 10/10 MP: 6/6
     0 | D:1      | magus.rc [v1.11.3]
   363 | D:1      | Reached XP level 2. HP: 15/15 MP: 6/8
   452 | D:1      | Found Rojuy's Armour Emporium.
   637 | D:1      | Reached skill level 2 in Conjurations
   745 | D:1      | Learned a level 2 spell: Scorch
   838 | D:1      | Found a faded altar of an unknown god.
   984 | D:1      | Reached XP level 3. HP: 11/19 MP: 3/9
  1468 | D:2      | Reached skill level 4 in Fire Magic
  2142 | D:2      | Reached XP level 4. HP: 24/24 MP: 6/11
  2441 | D:3      | You pick up a book of Callings and begin reading...
  2441 | D:3      | You add the spells Summon Small Mammal, Call Canine
                  | Familiar and Summon Guardian Golem to your library.
  2470 | D:3      | You pick up a book of Spectacle and begin reading...
  2470 | D:3      | You add the spells Dazzling Flash, Iskenderun's Mystic
                  | Blast and Starburst to your library.
  2666 | D:3      | Reached skill level 3 in Conjurations
  2857 | D:3      | Noticed Sigmund
  2882 | D:3      | HP: 1/24 [something/puff of flame (7)]
  3370 | D:3      | Learned a level 3 spell: Conjure Flame
  3813 | D:3      | HP: 6/24 [Sigmund/puff of flame (12)]
  3814 | D:3      | Killed from afar by Sigmund

Vanquished Creatures
  3 adders
  2 worms (D:2)
  A dart slug (D:2)
  7 endoplasms
  A giant cockroach (D:1)
  8 hobgoblins
  6 jackals
  6 quokkas
  5 ball pythons
  7 bats
  2 frilled lizards
  6 goblins
  6 kobolds
  6 rats
66 creatures vanquished.

Vanquished Creatures (others)
  189 foxfires
189 creatures vanquished.

Grand Total: 255 creatures vanquished

Table legend:
 A = Non-vault XP
 B = Vault XP
 C = Vault XP percentage of total XP
 D = Non-vault monster count
 E = Vault monster count
 F = Vault count percentage of total count
                 A         B        C        D         E       F
            +---------+---------+-------+---------+---------+-------
      Total |     154 |       0 |   0.0 |      66 |       0 |   0.0
            +---------+---------+-------+---------+---------+-------
        D:1 |      45 |       0 |   0.0 |      28 |       0 |   0.0
        D:2 |      67 |       0 |   0.0 |      21 |       0 |   0.0
        D:3 |      42 |       0 |   0.0 |      17 |       0 |   0.0
            +---------+---------+-------+---------+---------+-------

Illustrated notes

Table legend:
 A = Kills in this place as a percentage of kills in entire the game.
 B = Kills by you in this place as a percentage of kills by you in the entire game.
 C = Kills by friends in this place as a percentage of kills by friends in the entire game.
 D = Other kills in this place as a percentage of other kills in the entire game.
 E = Experience gained in this place as a percentage of experience gained in the entire game.
 F = Experience gained in this place divided by the number of levels of this place that you have seen.
                   A       B       C       D       E      F
               +-------+-------+-------+-------+-------+----------------------
         Total | 100.0 | 100.0 |   N/A |   N/A | 100.0 |  51.3
       Dungeon | 100.0 | 100.0 |   N/A |   N/A | 100.0 |  51.3
               +-------+-------+-------+-------+-------+----------------------

Table legend: (Time is in decaauts)
 A = Elapsed time spent in this place.
 B = Non-inter-level travel time spent in this place.
 C = Inter-level travel time spent in this place.
 D = Time resting spent in this place.
 E = Time spent auto-exploring this place.
 F = Levels seen in this place.
 G = Mean time per level.
                   A        B        C        D        E       F      G
               +--------+--------+--------+--------+--------+-----+--------+
         Total |   3817 |   3683 |    134 |    392 |   2804 |   3 | 1272.3 |
       Dungeon |   3817 |   3683 |    134 |    392 |   2804 |   3 | 1272.3 |
               +--------+--------+--------+--------+--------+-----+--------+

Top non-repeatable levels by time:
     D:2: 1631 daAuts
     D:1: 1272 daAuts
     D:3: 913 daAuts
